 Dungeon Crawl Stone Soup version 0.29.1-13-g9f3cf754e1 (webtiles) character file.

Game seed: 17747303892005005298

6335 TheDoctor the Cruncher (level 10, -13/56 HPs)
             Began as a Spriggan Gladiator on Feb 9, 2023.
             Was a Priest of Okawaru.
             Mangled by an ice devil (23 damage)
             ... summoned by a kobold demonologist
             ... on level 9 of the Dungeon.
             The game lasted 01:02:43 (17339 turns).

TheDoctor the Cruncher (Spriggan Gladiator)        Turns: 17339, Time: 01:02:44

Health: -13/56     AC:  5    Str: 14      XL:     10   Next: 64%
Magic:  11/11      EV: 22    Int:  9      God:    Okawaru [***...]
Gold:   476        SH:  0    Dex: 17 (18) Spells: 4/9 levels left

rFire   . . .      SeeInvis +   Q - +2 spear (vorpal)
rCold   . . .      Faith    .   (no shield)
rNeg    . . .      Spirit   .   R - +0 robe
rPois   +          Reflect  .   O - +2 hat
rElec   .          Harm     .   t - +0 cloak
rCorr   .          Rampage  .   (gloves unavailable)
Will    ++...                   (boots unavailable)
Stlth   ++........              j - amulet of the acrobat
HPRegen 0.18/turn               o - ring of poison resistance
MPRegen 0.12/turn               E - ring of willpower

@: about to teleport, very quick
A: very small, no large weapons, unfitting armour, see invisible, speed 3
a: Renounce Religion, Heroism


You were on level 9 of the Dungeon.
You worshipped Okawaru.
Okawaru was most pleased with you.
You visited 2 branches of the dungeon, and saw 10 of its levels.
You also visited: Sewer.

You collected 476 gold pieces.

Inventory:

Hand Weapons
 a - a +0 quarterstaff
 l - a +3 short sword
 Q - a +2 vorpal spear (weapon)
Missiles
 b - 13 poisoned darts
 d - a throwing net (quivered)
 e - a boomerang
 y - 18 boomerangs of dispersal
Armour
 t - a +0 cloak (worn)
 O - a +2 hat (worn)
 R - a +0 robe (worn)
Magical Staves
 D - a staff of fire
Jewellery
 j - an amulet of the acrobat (around neck)
 o - a ring of poison resistance (left hand)
 E - a ring of willpower (right hand)
 U - a ring of resist corrosion
 V - a +6 ring of strength
Wands
 x - a wand of roots (19)
 z - a wand of digging (8)
 J - a wand of mindburst (12)
 N - a wand of flame (16)
 T - a wand of paralysis (7)
Scrolls
 c - a scroll of summoning {unknown}
 f - 4 scrolls of enchant weapon
 h - a scroll of enchant armour {unknown}
 m - a scroll of torment {unknown}
 n - a scroll of fear {unknown}
 r - a scroll of immolation
 s - 2 scrolls of noise {unknown}
 v - 2 scrolls of teleportation
 w - a scroll of silence
 C - 2 scrolls of vulnerability {unknown}
 H - a scroll of poison {unknown}
 K - 3 scrolls of butterflies {unknown}
 L - a scroll of magic mapping {unknown}
 M - 4 scrolls of identify
 S - a scroll of brand weapon {unknown}
Potions
 g - 2 potions of magic
 i - 6 potions of curing {unknown}
 k - 3 potions of heal wounds {unknown}
 p - a potion of invisibility {unknown}
 q - a potion of attraction {unknown}
 u - 5 potions of lignification
 A - 3 potions of flight {unknown}
 B - a potion of mutation {unknown}
 F - 2 potions of degeneration {unknown}
 G - a potion of berserk rage {unknown}
 P - a potion of brilliance {unknown}


   Skills:
 - Level 7.7 Fighting
 + Level 9.2 Staves
 - Level 2.0 Throwing
 - Level 8.0 Dodging
 + Level 1.7 Ice Magic
 - Level 5.2 Evocations


You had 4 spell levels left.
You knew the following spells:

 Your Spells              Type           Power      Damage    Failure   Level
a - Blink                 Tloc           0%         N/A       52%         2
b - Ozocubu's Armour      Ice            3%         N/A       52%         3

Your spell library contained the following spells:

 Spells                   Type           Power      Damage    Failure   Level
 Freeze                   Ice            12%        1d4       21%         1
 Ensorcelled Hibernation  Hex/Ice        2%         N/A       41%         2
 Passwall                 Tmut/Erth      0%         N/A       52%         2
 Sublimation of Blood     Necr           0%         N/A       52%         2
 Frozen Ramparts          Ice            6%         1d1       52%         3
 Portal Projectile        Hex/Tloc       0%         N/A       77%         3
 Swiftness                Air            0%         N/A       77%         3
 Hailstorm                Conj/Ice       1%         3d3       96%         4
 Ice Form                 Ice/Tmut       1%         N/A       96%         4
 Petrify                  Tmut/Erth      0%         N/A       99%         4
 Blade Hands              Tmut           0%         N/A       100%        5
 Irradiate                Conj/Tmut      0%         3d11      100%        5
 Manifold Assault         Tloc           0%         N/A       100%        5
 Ozocubu's Refrigeration  Ice            1%         4d7       100%        7
 Storm Form               Tmut/Air       0%         N/A       100%        7
 Tukima's Dance           Hex            Unusable   N/A       N/A         3
 Simulacrum               Ice/Necr       Unusable   N/A       N/A         6

Dungeon Overview and Level Annotations

Branches:
Dungeon (9/15)             Temple (1/1) D:6            Lair (0/5) D:8
  Sewer (visited)
    Orc: D:9-12

Altars:
Ashenzari
Cheibriados
Dithmenos
Elyvilon
Gozag
Hepliaklqana
Kikubaaqudgha
Makhleb
Nemelex Xobeh
Okawaru
Qazlal
Ru
Sif Muna
Trog
Vehumet
Wu Jian
Xom
Yredelemnul
Zin

Shops:
D:3 *[*

Annotations:
D:4 exclusion: door
D:8 Erica


Innate Abilities, Weirdness & Mutations

You are very small and have problems with some larger weapons.
You are too small for most types of armour.
You have supernaturally acute eyesight. (SInv)
You cover ground extremely quickly. (Speed+++)


Message History

You barely miss the kobold demonologist.
The kobold demonologist is lightly wounded.
The kobold demonologist mumbles some strange words.
You hit the kobold demonologist.
The kobold demonologist is moderately wounded.
The kobold demonologist hits you with a +0 dagger.
You closely miss the kobold demonologist.
The kobold demonologist is moderately wounded.
The ice devil barely misses you. The kobold demonologist misses you.
You hit the kobold demonologist but do no damage.
The kobold demonologist is moderately wounded.
The ice devil misses you.
The kobold demonologist hits you but does no damage.
You hit the kobold demonologist.
The kobold demonologist is moderately wounded.
The ice devil hits you! The ice devil freezes you!
* * * LOW HITPOINT WARNING * * *
Unknown command.
Unknown command.
Unknown command.
Okay, then.
Press: ? - help, v - describe, . - travel
Here: an ice devil (summoned)
The floor.
Unknown command.
The hellwing swoops through the air toward you!
The hellwing completely misses you. x2
Okay, then.
Unknown command.
Unknown command.
Unknown command.
Unknown command.
Unknown command.
As you read the scroll of teleportation, it crumbles to dust.
You feel strangely unstable. The hellwing misses you. The hellwing hits you.
* * * LOW HITPOINT WARNING * * *
The ice devil hits you.
* * * LOW HITPOINT WARNING * * *
The ice devil freezes you!!
You die...

#....5.#
#.<.....#
###.##.###
#.......#
#. #.c.#
#.......#
#. ###.#
#.#######
#. #h# #.
## #.####
#.K.#
#...##4##
#... #.@#
#... ##4#
#... #..
#... ####
#.##


You could see a hellwing (summoned), an ice devil (summoned), a kobold
demonologist and a howler monkey.

Vanquished Creatures
  A deep elf pyromancer (D:8)
  Maurice (D:8)
  A hornet (D:7)
  10 yaks
  3 wargs
  3 sky beasts
  2 orc warriors
  4 ice beasts
  An ogre (D:6)
  2 centaurs
  2 phantoms
  2 bullfrogs
  5 kobold brigands
  2 necrophages
  A gnoll sergeant (D:7)
  4 scorpions
  6 wights
  5 killer bees (D:9)
  4 howler monkeys
  5 hounds
  A jelly (D:5)
  6 orc priests (D:8)
  6 orc wizards
  A hound skeleton (D:4)
  8 gnolls
  12 adders
  A white imp (D:6)
  A worm (D:3)
  3 dart slugs
  36 orcs
  10 ball pythons
  6 endoplasms
  5 giant cockroaches
  8 goblins
  8 hobgoblins
  7 jackals
  15 kobolds
  5 quokkas
  5 bats
  4 frilled lizards
  2 rats
214 creatures vanquished.

Vanquished Creatures (others)
  12 plants
12 creatures vanquished.

Grand Total: 226 creatures vanquished

Notes
Turn   | Place    | Note
-------+----------+-------------------------------------------
     0 | D:1      | TheDoctor the Spriggan Gladiator began the quest for the
                  | Orb.
     0 | D:1      | Reached XP level 1. HP: 10/10 MP: 2/2
   317 | D:1      | Reached XP level 2. HP: 14/14 MP: 3/3
   401 | D:1      | Found a faded altar of an unknown god.
  1688 | D:2      | Reached XP level 3. HP: 16/18 MP: 4/4
  2095 | D:2      | Reached skill level 5 in Dodging
  2136 | D:3      | Found Meel's Antique Armour Emporium.
  2516 | D:3      | Found a shadowy altar of Dithmenos.
  2537 | D:3      | Reached skill level 3 in Staves
  2696 | D:3      | Reached XP level 4. HP: 17/22 MP: 5/5
  2794 | D:3      | Found Xupell's Assorted Antiques.
  3265 | D:3      | Found Temeda's General Store.
  4088 | D:4      | Found a shimmering blue altar of Sif Muna.
  4240 | D:4      | Found a bloodstained altar of Trog.
  4264 | D:4      | Found a burning altar of Makhleb.
  4271 | D:4      | Reached XP level 5. HP: 24/25 MP: 6/6
  5317 | D:4      | Found a broken altar of Ashenzari.
  5383 | D:4      | Reached XP level 6. HP: 30/30 MP: 7/7
  5552 | D:4      | Reached skill level 4 in Staves
  5786 | D:4      | Noticed an orc warrior
  6244 | D:4      | Killed an orc warrior
  6527 | D:5      | Entered Level 5 of the Dungeon
  6821 | D:5      | Reached XP level 7. HP: 31/33 MP: 8/8
  6863 | D:5      | Found a white marble altar of Elyvilon.
  7292 | D:5      | Reached skill level 5 in Staves
  8458 | D:6      | Found a staircase to the Ecumenical Temple.
  8549 | D:6      | Found a glowing drain.
  8593 | Sewer    | Entered a sewer
  8888 | Sewer    | Reached XP level 8. HP: 40/40 MP: 9/9
  9352 | Temple   | Entered the Ecumenical Temple
  9921 | D:6      | Reached skill level 6 in Staves
 10881 | D:7      | Reached skill level 5 in Fighting
 11886 | D:7      | Reached XP level 9. HP: 25/47 MP: 10/10
 12393 | D:7      | Reached skill level 7 in Staves
 12856 | D:7      | Found a snail-covered altar of Cheibriados.
 12866 | D:7      | Found an iron altar of Okawaru.
 12876 | D:7      | Found a shimmering altar of Xom.
 12884 | D:7      | Became a worshipper of Warmaster Okawaru
 13192 | D:8      | Noticed a deep elf pyromancer
 13472 | D:8      | Killed a deep elf pyromancer
 13472 | D:8      | Reached * piety under Okawaru
 13526 | D:8      | Noticed Erica
 13747 | D:7      | Reached skill level 8 in Staves
 14248 | D:7      | Reached ** piety under Okawaru
 14249 | D:7      | Reached XP level 10. HP: 38/55 MP: 11/11
 14389 | D:8      | Found an opulent altar of Gozag.
 14390 | D:8      | Found a glowing silver altar of Zin.
 14812 | D:8      | Reached skill level 1 in Evocations
 15379 | D:8      | Found a staircase to the Lair.
 16169 | D:8      | Noticed Maurice
 16834 | D:8      | Killed Maurice
 16834 | D:8      | Reached *** piety under Okawaru
 16835 | D:8      | Reached skill level 9 in Staves
 16835 | D:8      | Reached skill level 5 in Evocations
 16939 | D:8      | Learned a level 2 spell: Blink
 16943 | D:8      | Learned a level 3 spell: Ozocubu's Armour
 17146 | D:7      | Reached skill level 1 in Ice Magic
 17339 | D:9      | Mangled by an ice devil

Illustrated notes

Levels and vault maps discovered:
D:1:      lemuel_arrival_room, layout_basic,
          shapermc_ecumenical_altar_flowoftime
D:2:      layout_rooms
D:3:      layout_basic, grunt_dithmenos_smoke_and_mirrors, serial_shops, shop,
          shop, shop, serial_bayou_ford_a, minivault_27
D:4:      layout_basic, kennysheep_little_box, makhleb_blood_cavern_becter,
          led_sif_book, nicolae_ashenzari_panopticon
D:5:      layout_rooms, lemuel_doored_altar
D:6:      minmay_evil_eye, layout_basic, minmay_temple_entry_offerings,
          gup_sewer_entry_glass
D:7:      layout_loops_ring, minitemple
D:8:      layout_cave_pools, grunt_temple_overflow_gold_and_silver,
          erik_lair_orcish_takeover, minmay_unpleasant_kobolds, uniq_erica,
          uniq_maurice
D:9:      layout_rooms, mainiacjoe_overflow_catwalk_spiral, fedhas_altar_4
Temple:   hellmonk_temple_flake

Skill      XL: |  1  2  3  4  5  6  7  8  9 10 |
---------------+-------------------------------+-----
Dodging        | 5 6 7 8 |  8.0
Staves         | 3 4 5 6 8 9 |  9.2
Fighting       | 3 5 7 |  7.7
Evocations     | 5 |  5.2
Ice Magic      | 1 |  1.7
Throwing       | |  2.0

Action                   |  1- 3 |  4- 6 |  7- 9 | 10-12 || total
-------------------------+-------+-------+-------+-------++-------
Melee: Quarterstaff      |   130 |   208 |   434 |       ||   772
       Spear             |       |       |   110 |   437 ||   547
       Punch             |       |       |       |     6 ||     6
Throw: Boomerang         |     1 |     4 |     5 |       ||    10
       Throwing net      |     1 |     1 |     1 |       ||     3
       Dart              |       |    12 |    24 |       ||    36
Invok: Heroism           |       |       |       |     1 ||     1
  Use: Scroll            |       |     1 |     7 |     1 ||     9
 Stab: Sleeping          |     1 |       |       |       ||     1
       Held in net/web   |     1 |       |       |       ||     1
       Distracted        |       |       |     1 |     1 ||     2
Armor: Robe              |     8 |    11 |    26 |    23 ||    68
Dodge: Dodged            |   110 |   166 |   437 |   236 ||   949
